 Dungeon Crawl Stone Soup version 0.30-a0-373-gd37427bb62 (webtiles) character file.

Game seed: 1763036311015509967

366 Mesmaeker13 the Insei (level 6, -17/42 HPs)
             Began as an Octopode Transmuter on Nov 24, 2022.
             Demolished by a mummy (19 damage)
             ... in an ossuary.
             The game lasted 00:07:34 (3326 turns).

Mesmaeker13 the Insei (Octopode Transmuter)         Turns: 3326, Time: 00:07:35

Health: -17/42     AC:  1    Str:  9    XL:     6   Next: 68%
Magic:  8/9        EV: 13    Int: 17    God:
Gold:   249        SH:  0    Dex: 13    Spells: 3/9 levels left

rFire   . . .      SeeInvis +      - Unarmed
rCold   . . .      Faith    .    (no shield)
rNeg    . . .      Spirit   .    (helmet restricted)
rPois   .          Reflect  .    (no amulet)
rElec   .          Harm     .    t - ring of see invisible
rCorr   .          Rampage  .    (no ring)
Will    .....                    (no ring)
Stlth   ++........               (no ring)
HPRegen 0.27/turn                (no ring)
MPRegen 0.11/turn                (no ring)
                                 (no ring)
                                 (no ring)

@: attractive
A: almost no armour, amphibious, 8 rings, camouflage 1, gelatinous body 1,
(nimble swimmer 1), tentacles
a: no special abilities


You were in an ossuary.
You visited 1 branch of the dungeon, and saw 4 of its levels.
You also visited: Ossuary.

You collected 249 gold pieces.

Inventory:

Hand Weapons
 l - a +1 sling
Missiles
 c - 4 poisoned darts
 i - 23 stones
 p - a throwing net (quivered)
Jewellery
 t - a ring of see invisible (left tentacle)
Scrolls
 b - 3 scrolls of teleportation
 d - a scroll of magic mapping
 j - a scroll of enchant weapon
 n - a scroll of brand weapon {unknown}
 r - 2 scrolls of identify {unknown}
 s - 2 scrolls of noise {unknown}
 u - a scroll of torment {unknown}
Potions
 a - a potion of lignification
 e - a potion of haste {unknown}
 f - a potion of invisibility {unknown}
 g - a potion of cancellation
 h - a potion of heal wounds {unknown}
 k - a potion of ambrosia {unknown}
 m - 2 potions of curing {unknown}
 o - 2 potions of berserk rage {unknown}
 q - a potion of attraction


   Skills:
 + Level 3.3 Fighting
 - Level 2.0 Dodging
 + Level 4.4 Unarmed Combat
 + Level 2.4 Spellcasting
 + Level 3.7 Transmutations
 + Level 3.0 Poison Magic


You had 3 spell levels left.
You knew the following spells:

 Your Spells              Type           Power      Damage    Failure   Level
a - Beastly Appendage     Tmut           28%        N/A       4%          1
b - Wereblood             Tmut           14%        N/A       6%          2
c - Spider Form           Tmut/Pois      13%        N/A       14%         3

Your spell library contained the following spells:

 Spells                   Type           Power      Damage    Failure   Level
 Passwall                 Tmut/Erth      6%         N/A       13%         2
 Ensorcelled Hibernation  Hex/Ice        4%         N/A       28%         2
 Swiftness                Air            2%         N/A       50%         3
 Ice Form                 Ice/Tmut       8%         N/A       63%         4
 Summon Lightning Spire   Summ/Air       2%         N/A       88%         4
 Storm Form               Tmut/Air       4%         N/A       100%        7
 Maxwell's Capacitive Co  Air            1%         ∞         100%        8


Dungeon Overview and Level Annotations

Branches:
Dungeon (4/15)            Ossuary (1/1)
 Temple: D:4-7

Altars:
Hepliaklqana
Qazlal
Xom

Shops:
D:3 :

Annotations:
D:1 1 runed translucent door
D:2 Sigmund
D:4 3 exclusions, Pargi


Innate Abilities, Weirdness & Mutations

You cannot wear most types of armour.
You are amphibious.
You can wear up to eight rings at the same time.
Your skin changes colour to match your surroundings (Stealth+).
Your rubbery body absorbs attacks. (AC +1, EV +1)
((You are camouflaged when in or above water. (Stealth+)))
You have tentacles for arms and can constrict up to eight enemies at once.


Message History

You tentacle-slap the mummy. Your grab misses the mummy.
Your tentacle spike misses the mummy.
The mummy is moderately damaged.
The mummy struggles against the net.
Really quaff the potion of lignification?
Your tentacle spike disappears.
You turn into a tree.
Your roots penetrate the ground.
The mummy hits you.
* * * LOW HITPOINT WARNING * * *
You barely miss the mummy.
The mummy is moderately damaged.
The mummy struggles against the net.
You smack the mummy!
The mummy is severely damaged.
The mummy hits you!
* * * LOW HITPOINT WARNING * * *
You smack the mummy!
You feel a bit better.
You destroy the mummy!
The mummy struggles against the net.
You cannot move.
The mummy struggles against the net.
You creak as the wereblood boils in your veins!
The mummy struggles against the net.
The mummy struggles against the net.
The net rips apart, and the mummy comes free!
Your primal bloodlust is almost over.
Unknown command.
Unknown command.
You smack the mummy!
The mummy is heavily damaged.
The mummy hits you!
* * * LOW HITPOINT WARNING * * *
It was a potion of cancellation.
Your magical effects are unravelling.
You feel magically purged.
You creak as the wereblood boils in your veins!
You feel less wooden.
Your primal bloodlust has ended.
It was a potion of attraction.
You feel attractive to monsters. The mummy hits you!!
You die...

.........
.......#
......#
#....#
#(...#
#....#
#....#
#.M..#
#.@..#
#....#
#....#
#.∩∩.#
######


You could see a mummy.

Vanquished Creatures
  Menkaure (D:4)
  Natasha (twice) (D:2)
  3 mummies (Ossuary)
  3 gnolls (D:2)
  4 adders
  A worm (D:3)
  4 dart slugs
  4 orcs (D:4)
  10 endoplasms
  2 giant cockroaches (D:1)
  7 goblins
  10 hobgoblins
  5 jackals
  2 quokkas (D:1)
  4 ball pythons
  4 bats
  2 gnoll zombies (Ossuary)
  3 hobgoblin zombies (Ossuary)
  6 kobolds
  2 kobold zombies (Ossuary)
  An orc zombie (Ossuary)
  6 rats
86 creatures vanquished.

Notes
Turn   | Place    | Note
-------+----------+-------------------------------------------
     0 | D:1      | Mesmaeker13 the Octopode Transmuter began the quest for the
                  | Orb.
     0 | D:1      | Reached XP level 1. HP: 13/13 MP: 3/3
     1 | D:1      | Found a runed translucent door.
    68 | D:1      | Reached XP level 2. HP: 18/18 MP: 3/5
   302 | D:1      | Reached XP level 3. HP: 23/24 MP: 6/6
   333 | D:1      | Found a faded altar of an unknown god.
   468 | D:1      | Learned a level 2 spell: Wereblood
   472 | D:1      | Learned a level 3 spell: Spider Form
   925 | D:2      | Noticed Natasha
  1692 | D:2      | Reached skill level 1 in Poison Magic
  1743 | D:2      | Reached XP level 4. HP: 29/29 MP: 5/7
  1860 | D:2      | Killed Natasha
  1912 | D:2      | Noticed Natasha
  1920 | D:2      | Killed Natasha
  1971 | D:2      | Reached XP level 5. HP: 35/35 MP: 2/8
  2146 | D:2      | Noticed Sigmund
  2286 | D:3      | Reached skill level 4 in Unarmed Combat
  2391 | D:3      | Found Deiprof's Book Shoppe.
  2670 | D:3      | Found a stormy altar of Qazlal.
  2859 | D:4      | Noticed Pargi
  2968 | D:4      | Found a shimmering altar of Xom.
  2969 | D:4      | Found a hazy altar of Hepliaklqana.
  2970 | D:4      | Noticed a spectral ugly thing
  3040 | D:4      | Noticed Menkaure
  3063 | D:4      | Killed Menkaure
  3064 | D:4      | Reached XP level 6. HP: 27/42 MP: 4/9
  3239 | D:4      | Found a sand-covered staircase.
  3244 | Ossuary  | Entered an ossuary
  3312 | Ossuary  | HP: 2/63 [mummy (11)]
  3324 | Ossuary  | HP: 2/63 [mummy (7)]
  3326 | Ossuary  | Demolished by a mummy

Illustrated notes

Levels and vault maps discovered:
D:1:      dpeg_arrival_caged_fury, layout_rooms,
          shapermc_ecumenical_altar_flowoftime, minmay_pentomino_s4
D:2:      layout_basic, kennysheep_cross_room, minmay_misc_feat_ornament,
          uniq_natasha, uniq_sigmund
D:3:      layout_rooms, lemuel_tele_altar, serial_shops, shop,
          kennysheep_crisscross, lightli_corner_chamber
D:4:      minmay_skewed_foursquare, layout_loops_ring,
          regret_index_temple_of_mockery, enter_ossuary_2, uniq_menkaure,
          uniq_pargi
Ossuary:  ossuary_tomb_3

Skill      XL: |  1  2  3  4  5  6 |
---------------+-------------------+-----
Fighting       | 2 3 |  3.3
Poison Magic   | 1 2 3 |  3.0
Transmutations | 3 |  3.7
Unarmed Combat | 4 |  4.4
Dodging        | |  2.0
Spellcasting   | |  2.4

Action                   |  1- 3 |  4- 6 || total
-------------------------+-------+-------++-------
Melee: Unarmed           |    81 |    97 ||   178
       Constrict         |    22 |    20 ||    42
       Kick              |    23 |    22 ||    45
       Tentacles         |    16 |    18 ||    34
       Punch             |       |     4 ||     4
Throw: Dart              |     5 |     4 ||     9
       Throwing net      |       |     1 ||     1
 Cast: Beastly Appendage |    25 |    19 ||    44
       Wereblood         |     1 |     8 ||     9
       Spider Form       |       |     6 ||     6
  Use: Scroll            |       |     3 ||     3
       Potion            |       |     3 ||     3
 Stab: Sleeping          |     6 |     2 ||     8
Armor: Skin              |     3 |     7 ||    10
Dodge: Dodged            |    45 |    49 ||    94

Table legend: (Time is in decaauts)
 A = Elapsed time spent in this place.
 B = Non-inter-level travel time spent in this place.
 C = Inter-level travel time spent in this place.
 D = Time resting spent in this place.
 E = Time spent auto-exploring this place.
 F = Levels seen in this place.
 G = Mean time per level.
                   A        B        C        D        E       F      G
               +--------+--------+--------+--------+--------+-----+--------+
         Total |   3326 |   3269 |     57 |    394 |   1971 |   5 |  665.2 |
       Dungeon |   3246 |   3189 |     57 |    394 |   1971 |   4 |  811.5 |
       Ossuary |     79 |     79 |      0 |      0 |      0 |   1 |   79.0 |
               +--------+--------+--------+--------+--------+-----+--------+

Top non-repeatable levels by time:
     D:2: 1135 daAuts
     D:1: 1029 daAuts
     D:3: 634 daAuts
     D:4: 448 daAuts
 Ossuary: 79 daAuts
